 Dungeon Crawl Stone Soup version 0.23-a0-106-g63f3d0b (webtiles) character file.

2976 GrunderHorse the Nimble (level 9, 0/71 HPs)
             Began as a Gnoll Gladiator on Aug 21, 2018.
             Slain by a porcupine (4 damage)
             ... on level 7 of the Dungeon.
             The game lasted 00:10:17 (7111 turns).

GrunderHorse the Nimble (Gnoll Gladiator)           Turns: 7111, Time: 00:10:18

Health: 0/71       AC:  7    Str: 18    XL:     9   Next: 82%
Magic:  15/15      EV: 18    Int: 10    God:
Gold:   240        SH:  0    Dex: 19    Spells: 17/17 levels left

rFire    . . .     SeeInvis .   w - +5 quarterstaff of Hatred {venom, rN+}
rCold    . . .     Gourm    .   (shield currently unavailable)
rNeg     + . .     Faith    .   b - +0 leather armour
rPois    .         Spirit   .   C - +0 helmet
rElec    .         Reflect  .   t - +0 cloak (curse)
rCorr    .         Harm     .   (no gloves)
MR       .....                  r - +0 pair of boots
Stlth    +++.......             (no amulet)
HPRegen  0.21/turn              (no ring)
MPRegen  0.14/turn              (no ring)

@: no status effects
A: distributed training, fangs 1, strong nose
a: no special abilities


You were on level 7 of the Dungeon.
You were hungry.

You visited 2 branches of the dungeon, and saw 9 of its levels.

You collected 240 gold pieces.

Inventory:

Hand Weapons
 a - a +0 war axe
 p - a +2 war axe of flaming
 w - the +5 quarterstaff of Hatred (weapon) {venom, rN+}
   (You found it on level 4 of the Dungeon)

   It poisons the flesh of those it strikes.
   It protects you from negative energy.
 E - a cursed +3 battleaxe
 F - a +4 great sword
 G - a cursed +3 war axe of freezing
Missiles
 d - 3 throwing nets (quivered)
 l - 8 tomahawks of returning
Armour
 b - a +0 leather armour (worn)
 e - a +0 buckler
 r - a +0 pair of boots (worn)
 t - a cursed +0 cloak (worn)
 C - a +0 helmet (worn)
Jewellery
 B - an uncursed ring of see invisible {unknown}
Wands
 x - a wand of disintegration (8)
 y - a wand of polymorph (11)
 z - a wand of iceblast (11)
Scrolls
 g - 2 scrolls of enchant weapon {unknown}
 i - 6 scrolls of teleportation {unknown}
 j - 5 scrolls of identify {unknown}
 m - 2 scrolls of remove curse {unknown}
 n - 3 scrolls of immolation {unknown}
 q - 4 scrolls of enchant armour {unknown}
 s - a scroll of fog {unknown}
 A - a scroll of amnesia {unknown}
 D - a scroll of noise {unknown}
Potions
 c - a potion of lignification {unknown}
 h - a potion of heal wounds
 k - 4 potions of curing {unknown}
 o - a potion of magic {unknown}
 u - a potion of invisibility
 v - a potion of resistance {unknown}
Comestibles
 f - 7 rations


   Skills:
 + Level 6.5 Fighting
 + Level 4.5 Short Blades
 + Level 4.5 Long Blades
 + Level 8.0 Axes
 + Level 4.5 Maces & Flails
 + Level 4.5 Polearms
 + Level 4.5 Staves
 + Level 4.5 Slings
 + Level 4.5 Bows
 + Level 4.5 Crossbows
 + Level 6.5 Throwing
 + Level 4.5 Armour
 + Level 8.0 Dodging
 + Level 4.5 Stealth
 + Level 4.5 Shields
 + Level 4.5 Unarmed Combat
 + Level 4.5 Spellcasting
 + Level 3.7 Conjurations
 + Level 3.7 Hexes
 + Level 3.7 Charms
 + Level 3.7 Summonings
 + Level 3.7 Necromancy
 + Level 3.7 Translocations
 + Level 3.7 Transmutations
 + Level 3.7 Fire Magic
 + Level 3.7 Ice Magic
 + Level 3.7 Air Magic
 + Level 3.7 Earth Magic
 + Level 3.7 Poison Magic
 + Level 5.0 Invocations
 + Level 4.5 Evocations


You had 17 spell levels left.
You didn't know any spells.
Your spell library contained the following spells:

 Spells                   Type           Power        Failure   Level  Hunger
 Magic Dart               Conj           #...         6%          1    #......
 Blink                    Tloc           N/A          10%         2    ##.....
 Call Imp                 Summ           #.......     10%         2    ##.....
 Searing Ray              Conj           #.....       10%         2    ##.....
 Slow                     Hex            #.......     10%         2    ##.....
 Conjure Flame            Conj/Fire      #.......     19%         3    ###....
 Dazzling Spray           Conj/Hex       #.....       19%         3    ###....
 Mephitic Cloud           Conj/Pois/Air  #.......     19%         3    ###....
 Force Lance              Conj/Tloc      #.......     52%         4    #####..
 Fulminant Prism          Conj/Hex       #.........   52%         4    #####..
 Iskenderun's Mystic Bla  Conj           #.......     52%         4    #####..


Dungeon Overview and Level Annotations

Branches:
Dungeon (8/15)             Temple (1/1) D:7
   Lair: D:8-11

Altars:
Ashenzari
Cheibriados
Dithmenos
Elyvilon
Fedhas
Gozag
Hepliaklqana
Kikubaaqudgha
Makhleb
Nemelex Xobeh
Okawaru
Qazlal
Ru
Sif Muna
Trog
Uskayaw
Wu Jian
Xom
Yredelemnul
Zin
The Shining One


Innate Abilities, Weirdness & Mutations

Your experience applies equally to all skills.
You have very sharp teeth.
Your uncanny sense of smell can sniff out nearby items.


Message History

The yak gores you.
* * * LOW HITPOINT WARNING * * *
The crocodile barely misses you. The porcupine completely misses you.
There is a stone staircase leading up here.
The yak looks more healthy.
The porcupine barely misses you. The yak gores you.
* * * LOW HITPOINT WARNING * * *
You climb upwards.
There is a stone staircase leading down here.
You thump the porcupine!
The porcupine is severely wounded.
The porcupine twitches its whiskers.
The porcupine bites you but does no damage.
The yak gores you!
* * * LOW HITPOINT WARNING * * *
You barely miss the porcupine.
The porcupine is severely wounded.
The porcupine bites you but does no damage.
The yak completely misses you. The porcupine bites you.
You die...

.#................#.....#.......#
##.....######.....###'####'######
.......#...<#....................
.......#....#....................
.......#....#....................
.......#....#....................
.......#(...#....................
##.....'....#..Y................>
#.....#...##..r@.............<..
#.....#...########'#############
#.....#....#........#
#.....#....#........#
#.....#....#........#
#.....#....#........#
#.....#...)#........#
#.....'....)........#
#.....#....#........#


You could see a yak and a porcupine.

Vanquished Creatures
  A yak (D:8)
  A basilisk (D:8)
  Menkaure (D:5)
  Edmund (D:6)
  Duvessa (D:6)
  2 porcupines (D:8)
  2 sky beasts (D:5)
  A phantom (D:5)
  A necrophage (D:7)
  A crocodile (D:8)
  A bullfrog (D:7)
  Dowan (D:6)
  3 scorpions
  7 wights (D:7)
  A howler monkey (D:6)
  5 crimson imps
  2 bullfrog zombies
  2 hounds
  5 orc wizards
  6 orc priests
  Ijyb (D:5)
  2 iguanas
  3 worker ants
  A howler monkey zombie (D:7)
  A worker ant zombie (D:6)
  11 gnolls
  14 adders
  A shadow imp (D:7)
  2 oozes
  3 worms
  2 dart slugs
  2 leopard geckos
  25 orcs
  5 giant cockroaches
  7 goblins
  6 hobgoblins
  8 jackals
  5 quokkas
  6 bats
  7 frilled lizards
  A giant cockroach zombie (D:6)
  5 kobolds
  2 leopard gecko skeletons (D:6)
  A quokka zombie (D:5)
  6 rats
172 creatures vanquished.

Vanquished Creatures (others)
  A plant (D:8)
1 creature vanquished.

Grand Total: 173 creatures vanquished

Notes
Turn   | Place    | Note
-------+----------+-------------------------------------------
     0 | D:1      | GrunderHorse the Gnoll Gladiator began the quest for the Orb.
     0 | D:1      | Reached XP level 1. HP: 20/20 MP: 1/1
   241 | D:1      | Reached XP level 2. HP: 24/26 MP: 2/2
   771 | D:2      | Reached XP level 3. HP: 31/31 MP: 3/3
   809 | D:2      | Reached skill level 1 in Invocations
   874 | D:2      | Reached skill level 1 in Short Blades
   874 | D:2      | Reached skill level 1 in Long Blades
   874 | D:2      | Reached skill level 1 in Maces & Flails
   874 | D:2      | Reached skill level 1 in Polearms
   874 | D:2      | Reached skill level 1 in Staves
   874 | D:2      | Reached skill level 1 in Slings
   874 | D:2      | Reached skill level 1 in Bows
   874 | D:2      | Reached skill level 1 in Crossbows
   874 | D:2      | Reached skill level 1 in Armour
   874 | D:2      | Reached skill level 1 in Stealth
   874 | D:2      | Reached skill level 1 in Shields
   874 | D:2      | Reached skill level 1 in Unarmed Combat
   874 | D:2      | Reached skill level 1 in Spellcasting
   874 | D:2      | Reached skill level 1 in Evocations
   874 | D:2      | Reached XP level 4. HP: 29/38 MP: 5/5
  1093 | D:2      | Found an ornate altar of the Wu Jian Council.
  1116 | D:2      | Reached skill level 1 in Conjurations
  1116 | D:2      | Reached skill level 1 in Hexes
  1116 | D:2      | Reached skill level 1 in Charms
  1116 | D:2      | Reached skill level 1 in Summonings
  1116 | D:2      | Reached skill level 1 in Necromancy
  1116 | D:2      | Reached skill level 1 in Translocations
  1116 | D:2      | Reached skill level 1 in Transmutations
  1116 | D:2      | Reached skill level 1 in Fire Magic
  1116 | D:2      | Reached skill level 1 in Ice Magic
  1116 | D:2      | Reached skill level 1 in Air Magic
  1116 | D:2      | Reached skill level 1 in Earth Magic
  1116 | D:2      | Reached skill level 1 in Poison Magic
  1550 | D:3      | Reached XP level 5. HP: 43/43 MP: 6/6
  2597 | D:3      | Reached XP level 6. HP: 50/50 MP: 8/8
  3230 | D:4      | Reached skill level 5 in Fighting
  3230 | D:4      | Reached skill level 5 in Throwing
  3243 | D:4      | Found an iron altar of Okawaru.
  3485 | D:4      | Got a warped quarterstaff
  3543 | D:5      | Entered Level 5 of the Dungeon
  3578 | D:5      | Noticed a sky beast
  3592 | D:5      | Killed a sky beast
  3593 | D:5      | Identified the +5 quarterstaff of Hatred {venom, rN+} (You found it on level 4 of the Dungeon)
  3604 | D:5      | Noticed a sky beast
  3612 | D:5      | Killed a sky beast
  3612 | D:5      | Reached XP level 7. HP: 25/56 MP: 10/10
  3789 | D:5      | Noticed Ijyb
  3799 | D:5      | Killed Ijyb
  3836 | D:5      | Found a shattered altar of Ashenzari.
  3842 | D:5      | Found a glowing golden altar of the Shining One.
  3846 | D:5      | Found a white marble altar of Elyvilon.
  3884 | D:5      | Noticed Menkaure
  3900 | D:5      | Killed Menkaure
  3900 | D:5      | Reached XP level 8. HP: 38/63 MP: 10/12
  3930 | D:5      | Found a basalt altar of Yredelemnul.
  5142 | D:6      | Noticed Duvessa
  5142 | D:6      | Noticed Dowan
  5151 | D:6      | Killed Duvessa
  5154 | D:6      | Killed Dowan
  5612 | D:6      | Noticed Edmund
  5626 | D:6      | Killed Edmund
  5647 | D:6      | Reached XP level 9. HP: 51/69 MP: 14/14
  6081 | D:7      | Found a stormy altar of Qazlal.
  6675 | D:7      | Found a staircase to the Ecumenical Temple.
  6833 | Temple   | Entered the Ecumenical Temple
  7098 | D:8      | Reached skill level 5 in Invocations
  7111 | D:7      | Slain by a porcupine

Vault maps used:
D:1:      co_arrival_random_square_maze
D:2:      wad_pebble_path, lemuel_doored_altar, first_ration
D:4:      okawaru_ov_weapons_minmay
D:5:      overflow_temple_1_default, gammafunk_temple_overflow_forgotten,
          st_stairs_14, uniq_menkaure, uniq_ijyb
D:6:      uniq_duvessa, uniq_edmund
D:7:      nicolae_qazlal_general_emergency, minmay_temple_entry_glassed_door
D:8:      minmay_lair_entry_grove, ebering_ghost_reflecting_pool, uniq_grum
Temple:   eino_narrow_crystal_temple

Skill      XL: |  1  2  3  4  5  6  7  8  9 |
---------------+----------------------------+-----
Invocations    | 1 2 3 4 5 |  5.0
Short Blades   | 1 2 3 4 |  4.5
Long Blades    | 1 2 3 4 |  4.5
Maces & Flails | 1 2 3 4 |  4.5
Polearms       | 1 2 3 4 |  4.5
Staves         | 1 2 3 4 |  4.5
Slings         | 1 2 3 4 |  4.5
Bows           | 1 2 3 4 |  4.5
Crossbows      | 1 2 3 4 |  4.5
Armour         | 1 2 3 4 |  4.5
Stealth        | 1 2 3 4 |  4.5
Shields        | 1 2 3 4 |  4.5
Unarmed Combat | 1 2 3 4 |  4.5
Spellcasting   | 1 2 3 4 |  4.5
Evocations     | 1 2 3 4 |  4.5
Conjurations   | 1 2 3 |  3.7
Hexes          | 1 2 3 |  3.7
Charms         | 1 2 3 |  3.7
Summonings     | 1 2 3 |  3.7
Necromancy     | 1 2 3 |  3.7
Translocations | 1 2 3 |  3.7
Transmutations | 1 2 3 |  3.7
Fire Magic     | 1 2 3 |  3.7
Ice Magic      | 1 2 3 |  3.7
Air Magic      | 1 2 3 |  3.7
Earth Magic    | 1 2 3 |  3.7
Poison Magic   | 1 2 3 |  3.7
Fighting       | 5 6 |  6.5
Throwing       | 5 6 |  6.5
Axes           | 7 8 |  8.0
Dodging        | 7 8 |  8.0

Action                   |  1- 3 |  4- 6 |  7- 9 || total
-------------------------+-------+-------+-------++-------
Melee: War axe           |    39 |   162 |       ||   201
       Bite              |     5 |    13 |    41 ||    59
       Quarterstaff      |       |     6 |   269 ||   275
Evoke: Wand              |       |       |     3 ||     3
  Use: Potion            |       |     1 |     1 ||     2
 Stab: Sleeping          |     1 |     3 |     2 ||     6
       Distracted        |       |     1 |     1 ||     2
  Eat: Chunk             |       |     6 |    10 ||    16
       Ration            |       |     1 |       ||     1
Armor: Leather armour    |     8 |    25 |    53 ||    86
Dodge: Dodged            |    29 |   154 |   265 ||   448

Table legend:
 A = Non-vault XP
 B = Vault XP
 C = Vault XP percentage of total XP
 D = Non-vault monster count
 E = Vault monster count
 F = Vault count percentage of total count
                 A         B        C        D         E       F
            +---------+---------+-------+---------+---------+-------
      Total |    2755 |    1497 |  35.2 |     161 |      11 |   6.4
            +---------+---------+-------+---------+---------+-------
        D:1 |      20 |       0 |   0.0 |      10 |       0 |   0.0
        D:2 |     141 |       0 |   0.0 |      35 |       0 |   0.0
        D:3 |     171 |       0 |   0.0 |      36 |       0 |   0.0
        D:4 |     116 |       0 |   0.0 |       6 |       0 |   0.0
        D:5 |     696 |     332 |  32.3 |      23 |       3 |  11.5
        D:6 |     569 |     390 |  40.7 |      23 |       3 |  11.5
        D:7 |     949 |       0 |   0.0 |      26 |       0 |   0.0
        D:8 |      93 |     775 |  89.3 |       2 |       5 |  71.4
            +---------+---------+-------+---------+---------+-------
